 Dungeon Crawl Stone Soup version 0.17-a0-2118-g63bad21 (webtiles) character file.

572 4thArraOfDagon the Ruffian (level 7, -1/59 HPs)
             Began as a Troll Air Elementalist on Oct 20, 2015.
             Slain by an orc wizard
             ... wielding a +1 dagger of draining
              (2 damage)
             ... on level 6 of the Dungeon.
             The game lasted 00:03:54 (843 turns).

4thArraOfDagon the Ruffian (Troll Air Elementalist)  Turns: 843, Time: 00:03:54

Health: -1/59      AC:  5    Str: 17    XL:     7   Next: 12%
Magic:  7/7        EV:  9    Int: 13    God:
Gold:   83         SH:  0    Dex: 10    Spells: 1 memorised, 6 levels left

rFire  . . .     SeeInvis .       - Unarmed
rCold  . . .     Clarity  .     a - +0 robe
rNeg   . . .     SustAt   .     (no shield)
rPois  .         Gourm    +     (helmet restricted)
rElec  .         Spirit   .     (no cloak)
rCorr  .         Warding  .     (gloves unavailable)
rMut   .         Stasis   .     (boots unavailable)
MR     +....                    (no amulet)
Stlth  +.........               (no ring)
                                g - ring of protection from magic

@: repel missiles, drained, somewhat resistant to hostile enchantments, very
unstealthy
A: unfitting armour, claws 3, fast metabolism 3, gourmand, regeneration 2,
shaggy fur 1, tough skin 2
a: no special abilities


You were on level 6 of the Dungeon.
You were full.

You visited 1 branch of the dungeon, and saw 6 of its levels.

You collected 83 gold pieces.

Inventory:

Hand Weapons
 l - a +0 antimagic club
Missiles
 b - 4 poisoned tomahawks (quivered)
Armour
 a - a +0 robe (worn)
Jewellery
 g - a ring of protection from magic (left claw)
Wands
 h - a wand of lightning (9)
 m - a wand of enslavement (8)
Scrolls
 d - 2 scrolls of fog {unknown}
 e - a scroll of remove curse {unknown}
 f - a scroll of fear {unknown}
 i - a scroll of enchant weapon {unknown}
 k - 2 scrolls of identify {unknown}
Comestibles
 c - 2 bread rations
 j - 4 fruits


   Skills:
 - Level 1.5(0.8) Dodging
 - Level 1.1(0.4) Stealth
 * Level 7.5(6.6) Unarmed Combat
 - Level 1.2(0.5) Spellcasting
   Level 0.6(0.0) Conjurations
 - Level 2.0(1.2) Air Magic


You had 6 spell levels left.
You knew the following spells:

 Your Spells              Type           Power        Failure   Level  Hunger
b - Repel Missiles        Chrm/Air       #.....       38%         2    ###....


Dungeon Overview and Level Annotations

Branches:
Dungeon (6/15)
 Temple: D:4-7

Altars:
Ashenzari
Dithmenos
Elyvilon
Okawaru
Trog
The Shining One


Innate Abilities, Weirdness & Mutations

You are too large for most types of armour.
You have claws for hands.
Your metabolism is lightning-fast.
You like to eat raw meat.
You heal very quickly.
You are covered in fur (AC +1).
You have very tough skin (AC +2).


Message History

A puff of flame appears from out of thin air!
The puff of flame hits you!
The orc priest invokes the aid of Beogh against you.
Something smites you!
* * * LOW HITPOINT WARNING * * *
You claw the orc priest!
The orc priest is almost dead.
Something hits you.
* * * LOW HITPOINT WARNING * * *
You feel drained.
* * * LOW HITPOINT WARNING * * *
The orc wizard mumbles some strange words.
The orc wizard seems to speed up.
The orc priest calls down the wrath of Beogh upon you.
Something smites you!
* * * LOW HITPOINT WARNING * * *
You closely miss the orc priest.
The orc priest is almost dead.
Something hits you.
You die...

....######### ....#
....# ....# ....# ♣♣♣
....#♣♣ ♣♣♣.♣♣♣ ......♣♣
♣♣...o.♣♣
.......♣♣♣.......♣♣
..≈≈≈...♣...≈≈≈.@o♣
.≈≈≈≈≈.....≈≈≈≈≈...!.≈≈≈
.≈≈♣≈≈.....≈≈_≈≈.....≈≈♣
.≈≈≈≈≈.....≈≈≈≈≈.....≈≈≈
..≈≈≈...♣...≈≈≈...♣...≈≈
.......♣♣♣.......♣♣♣....
#.....♣♣ ♣♣.....♣♣ ♣...
#####♣♣ ♣♣♣.♣♣♣ ♣## ♣♣


You could see an orc priest and an orc wizard.

Vanquished Creatures
  An ice beast (D:6)
  A phantom (D:5)
  An eye of draining (D:4)
  Blork the orc (D:4)
  A jelly (D:6)
  A hound (D:6)
  A giant frog skeleton (D:6)
  2 iguanas
  A worker ant (D:5)
  3 adders
  An ooze (D:6)
  3 orcs
  4 hobgoblins (D:2)
  11 jackals
  3 kobolds
  A ball python (D:4)
  2 bats
  A giant gecko zombie (D:6)
  A giant newt (D:1)
  2 goblins
42 creatures vanquished.

Notes
Turn   | Place    | Note
--------------------------------------------------------------
     0 | D:1      | 4thArraOfDagon the Troll Air Elementalist began the quest for the Orb.
     0 | D:1      | Reached XP level 1. HP: 16/16 MP: 1/1
    42 | D:1      | Reached skill level 1 in Unarmed Combat
    95 | D:1      | Reached XP level 2. HP: 24/24 MP: 2/2
   110 | D:1      | Learned a level 2 spell: Repel Missiles
   285 | D:2      | Found a glowing golden altar of the Shining One.
   308 | D:2      | Found a shattered altar of Ashenzari.
   358 | D:3      | Reached XP level 3. HP: 28/31 MP: 3/3
   378 | D:4      | Found a bloodstained altar of Trog.
   379 | D:4      | Noticed an eye of draining
   402 | D:4      | Killed an eye of draining
   402 | D:4      | Reached skill level 4 in Unarmed Combat
   402 | D:4      | Reached XP level 4. HP: 39/39 MP: 0/4
   436 | D:4      | Noticed Blork the orc
   449 | D:4      | Killed Blork the orc
   449 | D:4      | Reached skill level 5 in Unarmed Combat
   449 | D:4      | Reached XP level 5. HP: 30/45 MP: 5/5
   500 | D:4      | Found an iron altar of Okawaru.
   560 | D:5      | Entered Level 5 of the Dungeon
   592 | D:5      | Noticed a phantom
   610 | D:5      | Killed a phantom
   610 | D:5      | Reached skill level 6 in Unarmed Combat
   610 | D:5      | Reached XP level 6. HP: 14/53 MP: 6/6
   691 | D:5      | You fall through a shaft!
   694 | D:6      | Found a shadowy altar of Dithmenos.
   749 | D:6      | Reached skill level 7 in Unarmed Combat
   789 | D:6      | Reached XP level 7. HP: 37/59 MP: 7/7
   823 | D:6      | Found a white marble altar of Elyvilon.
   842 | D:6      | HP: 1/59 [orc priest/divine providence (12)]
   843 | D:6      | Slain by an orc wizard

Vault maps used:
D:1:      eino_arrival_tree_alley, minivault_24
D:2:      lemuel_round_altar, nicolae_overflow_crystal_walls, uniq_terence
D:3:      portal_sewer_entry_e
D:4:      trog_eyes_of_draining, okawaru_gym_becter, uniq_blork_the_orc
D:5:      first_bread, uniq_sigmund, uniq_eustachio
D:6:      kennysheep_mini_moat, elyvilon_altar_3,
          gammafunk_temple_overflow_elements

Action                   |  1- 3 |  4- 6 |  7- 9 || total
-------------------------+-------+-------+-------++-------
Melee: Unarmed           |    64 |    65 |    14 ||   143
 Cast: Repel Missiles    |     1 |       |       ||     1
  Use: Potion            |       |     3 |       ||     3
 Stab: Sleeping          |       |     1 |       ||     1
  Eat: Chunk             |     7 |     4 |       ||    11
